 Dungeon Crawl Stone Soup version 0.29-a0-789-g7a8fcbc185 (webtiles) character file.

Game seed: 1287577951768834799

34 nicolae the Insei (level 3, 0/23 HPs)
             Began as an Octopode Transmuter on July 2, 2022.
             Slain by a ball python (2 damage)
             ... on level 3 of the Dungeon.
             The game lasted 00:01:52 (1429 turns).

nicolae the Insei (Octopode Transmuter)             Turns: 1429, Time: 00:01:52

Health: 0/23       AC:  1    Str:  9    XL:     3   Next: 31%
Magic:  5/6        EV: 10    Int: 17    God:
Gold:   55         SH:  0    Dex: 12    Spells: 4/7 levels left

rFire   . . .      SeeInvis .     - Unarmed
rCold   . . .      Faith    .   (no shield)
rNeg    . . .      Spirit   .   (helmet currently unavailable)
rPois   .          Reflect  .   (no amulet)
rElec   .          Harm     .   (no ring)
rCorr   .          Rampage  .   (no ring)
Will    .....                   (no ring)
Stlth   ++........              (no ring)
HPRegen 0.07/turn               (no ring)
MPRegen 0.10/turn               (no ring)
                                (no ring)
                                (no ring)

@: appendages, constricted, invisible
A: tentacle spike 3, almost no armour, amphibious, 8 rings, camouflage 1,
gelatinous body 1, (nimble swimmer 1), tentacles
a: End Transformation


You were on level 3 of the Dungeon.
One of your tentacles had grown a beastly spike.
You visited 1 branch of the dungeon, and saw 3 of its levels.

You collected 55 gold pieces.

Inventory:

Scrolls
 b - a scroll of brand weapon {unknown}
 c - a scroll of identify {unknown}
 f - a scroll of teleportation {unknown}
Potions
 a - a potion of lignification
 e - a potion of heal wounds {unknown}
 g - a potion of brilliance {unknown}


   Skills:
 - Level 1.0 Fighting
 - Level 2.0 Dodging
 + Level 3.4 Unarmed Combat
 + Level 2.5 Spellcasting
 + Level 2.6 Transmutations


You had 4 spell levels left.
You knew the following spells:

 Your Spells              Type           Power      Damage    Failure   Level
a - Beastly Appendage     Tmut           22%        N/A       6%          1
b - Wereblood             Tmut           11%        N/A       10%         2

Your spell library contained the following spells:

 Spells                   Type           Power      Damage    Failure   Level
 Spider Form              Tmut/Pois      6%         N/A       32%         3
 Ice Form                 Ice/Tmut       6%         N/A       71%         4
 Hailstorm                Conj/Ice       2%         3d3       88%         4
 Simulacrum               Ice/Necr       1%         N/A       100%        6


Dungeon Overview and Level Annotations

Branches:
Dungeon (3/15)

Altars:

Annotations:
D:3 Ijyb


Innate Abilities, Weirdness & Mutations

One of your tentacles has grown a beastly spike.
You cannot wear most types of armour.
You are amphibious.
You can wear up to eight rings at the same time.
Your skin changes colour to match your surroundings (Stealth+).
Your rubbery body absorbs attacks. (AC +1, EV +1)
((You are camouflaged when in or above water. (Stealth+)))
You have tentacles for arms and can constrict up to eight enemies at once.


Message History

There is a stone staircase leading down here.
You climb downwards.
Found a stone staircase leading up.
There is a stone staircase leading up here.
Casting: Beastly Appendage (safe; 6% risk of failure)
Press: ? - help, Q - select action, (/) - cycle Dir - look around, f - activate One of your tentacles grows a vicious spike.
Ijyb shouts!
The ball python hisses angrily.
Ijyb zaps a wand.
The mass of ice explodes!
The iceblast engulfs you!
Ouch! That really hurt!
You hear an angry hiss.
You hear a shout! x5
Ijyb hits you with a +0 club.
* * * LOW HITPOINT WARNING * * *
You tentacle-slap Ijyb but do no damage.
Your grab misses Ijyb.
Your tentacle spike misses Ijyb.
You tentacle-slap Ijyb, but do no damage.
A ball python comes into view.
Ijyb hits you with a +0 club.
* * * LOW HITPOINT WARNING * * *
You tentacle-slap Ijyb but do no damage.
You grab Ijyb.
You pierce Ijyb, but do no damage.
You constrict Ijyb.
You tentacle-slap Ijyb but do no damage.
You tentacle-slap Ijyb. You squeeze Ijyb.
Ijyb is heavily wounded.
You constrict Ijyb. Ijyb screams, "I cut your head off!"
Ijyb barely misses you.
You tentacle-slap Ijyb.
Ijyb is severely wounded.
You constrict Ijyb. The ball python bites you.
* * * LOW HITPOINT WARNING * * *
The ball python misses you. Ijyb closely misses you. The rat misses you.
The ball python completely misses you. The ball python grabs you.
The ball python constricts you.
* * * LOW HITPOINT WARNING * * *
It was a potion of invisibility.
You fade into invisibility!
You constrict Ijyb, but do no damage. Ijyb barely misses you.
The rat closely misses you. The ball python bites you.
You die...

. ....##.. . .
....... #..
..#.##..... ....
....#...#.##...
...........#.
#...........
...#.<.....###..
#.....S.S......
#.....r@g###..
#........#
#.....#####
#..... #.....
#####


You could see Ijyb (unable to see you), 2 ball pythons and a rat (unable to see
you).

Vanquished Creatures
  An adder (D:2)
  2 worms (D:2)
  A dart slug (D:2)
  3 endoplasms
  3 hobgoblins (D:2)
  4 kobolds
  2 frilled lizards (D:2)
16 creatures vanquished.

Notes
Turn   | Place    | Note
-------+----------+-------------------------------------------
     0 | D:1      | nicolae the Octopode Transmuter began the quest for the
                  | Orb.
     0 | D:1      | Reached XP level 1. HP: 13/13 MP: 3/3
   166 | D:1      | You fall into a shaft and drop 1 floor!
   377 | D:2      | Reached XP level 2. HP: 11/18 MP: 3/5
   385 | D:2      | Learned a level 2 spell: Wereblood
   648 | D:2      | Reached XP level 3. HP: 15/23 MP: 6/6
  1422 | D:3      | Noticed Ijyb
  1429 | D:3      | Slain by a ball python

Illustrated notes

Levels and vault maps discovered:
D:1:      dpeg_arrival_long_road, layout_basic,
          hellmonk_ecumenical_altar_inner_sanctum, serial_bayou_pond_b
D:2:      layout_loops_ring, nicolae_titane
D:3:      layout_rooms, uniq_ijyb

Action                   || total
-------------------------++-------
Melee: Unarmed           ||    49
       Constrict         ||    13
       Tentacles         ||    13
       Kick              ||    10
       Punch             ||     2
 Cast: Beastly Appendage ||    13
  Use: Potion            ||     1
 Stab: Sleeping          ||     3
Armor: Skin              ||     1
Dodge: Dodged            ||    26

Table legend: (Time is in decaauts)
 A = Elapsed time spent in this place.
 B = Non-inter-level travel time spent in this place.
 C = Inter-level travel time spent in this place.
 D = Time resting spent in this place.
 E = Time spent auto-exploring this place.
 F = Levels seen in this place.
 G = Mean time per level.
                   A        B        C        D        E       F      G
               +--------+--------+--------+--------+--------+-----+--------+
         Total |   1425 |   1407 |     18 |    371 |    893 |   3 |  475.0 |
       Dungeon |   1425 |   1407 |     18 |    371 |    893 |   3 |  475.0 |
               +--------+--------+--------+--------+--------+-----+--------+

Top non-repeatable levels by time:
     D:2: 1252 daAuts
     D:1: 165 daAuts
     D:3: 6 daAuts
